 Dungeon Crawl Stone Soup version 0.28.0-43-g3370ac3207 (webtiles) character file.

Game seed: 2167557653033290259

64 Peloso the Shield-Bearer (level 3, -1/33 HPs)
             Began as a Minotaur Fighter on Mar 27, 2022.
             Succumbed to a kobold's poison
             ... in the Ecumenical Temple.
             The game lasted 00:01:41 (1423 turns).

Peloso the Shield-Bearer (Minotaur Fighter)         Turns: 1423, Time: 00:01:41

Health: -1/33      AC:  7    Str: 20    XL:     3   Next: 91%
Magic:  2/2        EV:  9    Int:  5    God:
Gold:   105        SH:  5    Dex: 11    Spells: 2/2 levels left

rFire   . . .      SeeInvis .   a - +0 long sword
rCold   . . .      Faith    .   c - +0 buckler
rNeg    . . .      Spirit   .   b - +0 scale mail
rPois   .          Reflect  .   (helmet restricted)
rElec   .          Harm     .   (no cloak)
rCorr   .          Rampage  .   (no gloves)
Will    .....                   (no boots)
Stlth   ..........              (no amulet)
HPRegen 0.11/turn               (no ring)
MPRegen 0.08/turn               (no ring)

@: lethally poisoned (-1 -> -5)
A: horns 2, retaliatory headbutt
a: no special abilities


You were in the Ecumenical Temple.
You visited 2 branches of the dungeon, and saw 4 of its levels.

You collected 105 gold pieces.

Inventory:

Hand Weapons
 a - a +0 long sword (weapon)
Armour
 b - a +0 scale mail (worn)
 c - a +0 buckler (worn)
Scrolls
 f - a scroll of teleportation {unknown}
 g - a scroll of noise {unknown}
Potions
 d - a potion of might
 e - a potion of cancellation {unknown}


   Skills:
 + Level 4.0 Fighting
 + Level 3.4 Long Blades
 + Level 4.2 Armour
 + Level 0.2 Dodging
 + Level 4.4 Shields


You had 2 spell levels left.
You didn't know any spells.
Your spell library contained the following spells:

 Spells                   Type           Power      Damage    Failure   Level
 Summon Guardian Golem    Hex/Summ       0%         N/A       99%         3
 Orb of Destruction       Conj           0%         9d5       100%        7
 Spellforged Servitor     Conj/Summ      0%         N/A       100%        7


Dungeon Overview and Level Annotations

Branches:
Dungeon (4/15)             Temple (1/1) D:4

Altars:


Innate Abilities, Weirdness & Mutations

You have a pair of horns on your head.
You reflexively headbutt those who attack you in melee.


Message History

The frilled lizard closely misses you.
You slash the frilled lizard!
You kill the frilled lizard!
You see here a frilled lizard corpse.
You now have 105 gold pieces (gained 12).
A dart slug comes into view.
A dart slug is nearby!
A dart slug is nearby!
A dart slug is nearby!
You slash the dart slug!
You kill the dart slug!
Found a dagger.
You open the door.
Found 28 arrows.
There is an open door here.
A sourceless malevolence fills the Dungeon...
You fall into a shaft and drop 2 floors!
The shaft crumbles and collapses.
An ogre, a ball python and a kobold come into view.
The kobold is wielding a +0 whip and quivering poisoned darts.
The ogre shouts!
The ball python hisses angrily.
The kobold shouts!
Found a scroll labelled MUOBLI LYFA.
Found a staircase to the Ecumenical Temple.
The kobold throws a poisoned dart.
The poisoned dart misses you.
There is a staircase to the Ecumenical Temple here.
The ogre closely misses you.
The kobold throws a poisoned dart.
The poisoned dart hits you!
You are poisoned.
You climb downwards.
Welcome to the Ecumenical Temple!
You feel sick.
There is a staircase back to the Dungeon here.
Unknown command.
You slash the ogre!
The ogre is moderately wounded.
You feel sick.
The ogre hits you with a +0 giant club!!
Ouch! That really hurt!
* * * LOW HITPOINT WARNING * * *
You slash the ogre!
The ogre is severely wounded.
You die...

#####
#+...+#
#.....#
#..@..#
#...O.#
##...##
#####


You could see an ogre.

Vanquished Creatures
  2 adders (D:2)
  A worm (D:2)
  4 dart slugs
  4 ball pythons
  An endoplasm (D:1)
  2 giant cockroaches
  3 goblins
  4 hobgoblins
  2 jackals (D:2)
  4 kobolds
  A quokka (D:2)
  3 bats
  3 frilled lizards
  2 rats
36 creatures vanquished.

Notes
Turn   | Place    | Note
-------+----------+-------------------------------------------
     0 | D:1      | Peloso the Minotaur Fighter began the quest for the Orb.
     0 | D:1      | Reached XP level 1. HP: 19/19 MP: 0/0
   433 | D:1      | Reached XP level 2. HP: 27/27 MP: 1/1
  1051 | D:2      | Reached XP level 3. HP: 33/33 MP: 2/2
  1418 | D:2      | You fall into a shaft and drop 2 floors!
  1418 | D:4      | Noticed an ogre
  1418 | D:4      | Found a staircase to the Ecumenical Temple.
  1421 | Temple   | Entered the Ecumenical Temple
  1422 | Temple   | HP: 1/33 [ogre/+0 giant club (29)]
  1423 | Temple   | Succumbed to a kobold's poison

Illustrated notes

Levels and vault maps discovered:
D:1:      dpeg_arrival_lava_temple_mockup, layout_basic, minmay_tromino_v4_b
D:2:      layout_basic, dreamdust_ecumenical_altar_hidden_monk_grotto
D:4:      layout_rooms, minmay_temple_entry_statues_fountains, serial_shops,
          nicolae_shop_crystal, uniq_crazy_yiuf_cottage
Temple:   nicolae_temple_figure_eight

Skill      XL: |  1  2  3 |
---------------+----------+-----
Shields        | 4 |  4.4
Armour         | 4 |  4.2
Fighting       | 4 |  4.0
Long Blades    | 3 |  3.4
Dodging        | |  0.2

Action                   || total
-------------------------++-------
Melee: Long sword        ||    70
       Headbutt          ||    10
Armor: Scale mail        ||    28
Dodge: Dodged            ||    40
Block: Buckler           ||    13
